 Dungeon Crawl Stone Soup version 0.30.1-9-gdf580d7c3d (webtiles) character file.

Game seed: 2307900649849253806

10065 Ivernyr the Carver (level 11, -1/90 HPs)
             Began as a Formicid Fighter on Oct 6, 2023.
             Was a Follower of Wu Jian.
             Slain by a two-headed ogre
             ... wielding a +0 giant club
              (24 damage)
             ... on level 9 of the Dungeon.
             The game lasted 00:38:18 (12473 turns).

Ivernyr the Carver (Formicid Fighter)              Turns: 12473, Time: 00:38:18

Health: -1/90      AC: 18    Str: 18    XL:     11   Next: 86%
Magic:  11/11      EV: 10    Int:  7    God:    Wu Jian [*.....]
Gold:   571        SH: 14    Dex: 22    Spells: 10/10 levels left

rFire   + . .        a - +2 great sword (protect)
rCold   . . .        f - +0 kite shield {rF+}
rNeg    . . .        b - +0 acid dragon scales
rPois   +            (helmet unavailable)
rElec   .            (no cloak)
rCorr   +            y - +1 pair of gloves of Zodiurru {Fly rPois Str-4 Dex+5}
SInv    +            (no boots)
Will    ++...        l - amulet of the acrobat
Stlth   +            v - ring of willpower
HPRegen 0.35/turn    (no ring)
MPRegen 0.12/turn

%: acrobat
@: mighty, under a protective aura, flying, studying Unarmed Combat
A: permanent stasis, dig shafts and tunnels, antennae 3, four strong arms
a: Dig, Shaft Self, Renounce Religion


You were on level 9 of the Dungeon.
You worshipped Wu Jian.
Wu Jian was aware of your devotion.
You visited 2 branches of the dungeon, and saw 11 of its levels.
You also visited: Bailey.

You collected 697 gold pieces.
You spent 126 gold pieces at shops.

Inventory:

Hand Weapons
 a - a +2 great sword of protection (weapon)
Armour
 b - +0 acid dragon scales (worn)
 f - a +0 kite shield of fire resistance (worn)
 y - the +1 pair of gloves of Zodiurru (worn) {Fly rPois Str-4 Dex+5}
   (You found it on level 6 of the Dungeon)

   Str:       It affects your strength (-4).
   Dex:       It affects your dexterity (+5).
   rPois:     It protects you from poison.
   Fly:       It grants you flight.
Jewellery
 l - an amulet of the acrobat (around neck)
 v - a ring of willpower (left hand)
Wands
 m - a wand of iceblast (13)
 p - a wand of polymorph (6)
 z - a wand of flame (32)
 F - a wand of charming (2)
Scrolls
 c - a scroll of identify
 e - 2 scrolls of amnesia
 h - 7 scrolls of enchant armour
 i - 3 scrolls of enchant weapon
 n - a scroll of noise {unknown}
 q - a scroll of poison
 r - a scroll of brand weapon
 u - a scroll of magic mapping {unknown}
 w - 2 scrolls of butterflies
 A - 2 scrolls of fog
Potions
 d - 2 potions of attraction {unknown}
 g - 2 potions of invisibility
 j - a potion of ambrosia {unknown}
 k - 2 potions of flight {unknown}
 o - a potion of degeneration {unknown}
 s - 4 potions of curing
 t - 2 potions of brilliance {unknown}
 x - a potion of lignification {unknown}
 B - a potion of magic {unknown}
 C - 2 potions of heal wounds {unknown}
 D - 2 potions of haste {unknown}
 E - a potion of might


   Skills:
 + Level 9.8 Fighting
 * Level 12.0 Long Blades
 + Level 9.8 Armour
 + Level 11.6 Shields


You had 10 spell levels left.
You didn't know any spells.
Your spell library contained the following spells:

 Spells                   Type           Power      Damage    Failure   Level
 Slow                     Hex            0%         N/A       73%         1
 Lesser Beckoning         Tloc           0%         N/A       86%         2
 Confusing Touch          Hex            0%         N/A       97%         3
 Gell's Gravitas          Tloc           0%         N/A       97%         3
 Teleport Other           Tloc           0%         N/A       97%         3
 Vampiric Draining        Necr           0%         2d6       97%         3


Dungeon Overview and Level Annotations

Branches:
Dungeon (10/15)            Temple (1/1) D:5             Orc (0/2) D:9
 Bailey (visited)
   Lair: D:8-11

Altars:
Ashenzari
Cheibriados
Dithmenos
Fedhas
Gozag
Kikubaaqudgha
Makhleb
Nemelex Xobeh
Okawaru
Qazlal
Ru
Sif Muna
Trog
Uskayaw
Vehumet
Wu Jian
Xom
Yredelemnul
Zin
The Shining One

Shops:
D:6 [**   D:8 *

Annotations:
D:8 1 runed translucent door, fedepesso's ghost, novice MiMo


Innate Abilities, Weirdness & Mutations

You cannot be hasted, slowed, berserked, paralysed or teleported.
You can dig through walls and to a lower floor.
You have a pair of large antennae on your head. (SInv)
Your four strong arms can wield two-handed weapons with a shield.


Message History

The orc completely misses you.
The orc priest calls down the wrath of Beogh upon you.
Beogh smites you!
Things that are here:
a +0 dagger; a +0 robe You spin to attack the orc, but your attack speed is too slow for a blow to land.
You block the orc's attack.
You slash the orc priest!
The orc priest is severely wounded.
You block the orc priest's attack. You block the orc's attack.
You slice the orc priest!!
You kill the orc priest!
The Council accepts your kill. The orc barely misses you.
You spin and attack the orc.
You slash the orc!
You kill the orc!
The Council accepts your kill.
Things that are here:
a +0 dagger; a +0 scale mail HP restored.
u - a scroll labelled FUCUEXT KYSTRA A two-headed ogre comes into view.
It is wielding two +0 giant clubs.
A two-headed ogre is nearby!
You see here 6 gold pieces.
You now have 571 gold pieces (gained 6).
You lunge at the two-headed ogre.
You barely miss the two-headed ogre.
The two-headed ogre hits you with a +0 giant club!!
You block the two-headed ogre's attack.
You feel very mighty all of a sudden.
The two-headed ogre hits you with a +0 giant club!! x2
* * * LOW HITPOINT WARNING * * *
You barely miss the two-headed ogre. The two-headed ogre closely misses you.
You block the two-headed ogre's attack.
You slice the two-headed ogre!!
Your weapon exudes an aura of protection.
The two-headed ogre is heavily wounded.
You slice the two-headed ogre!!
The two-headed ogre is almost dead.
The two-headed ogre hits you with a +0 giant club!!
You die...

... # # # #..# #... #..#
#..# #..# #..# #..#
#..######
######..######........
.....................
.......O.........# .
##....@.........######.
#.........[...........
.................)))....
..................).....
###...........######.###
....................###
........................
######..............####
#..............#


You could see a two-headed ogre.

Vanquished Creatures
  Prince Ribbit (D:6)
  3 shadows (D:9)
  3 yaks (D:9)
  2 steam dragons (D:8)
  Menkaure (D:4)
  An acid dragon (D:9)
  4 water moccasins
  9 orc warriors (Bailey)
  2 sky beasts
  3 black bears
  2 ogres (D:4)
  A centaur (D:8)
  2 phantoms
  5 kobold brigands
  2 bullfrogs
  Blork the orc (D:5)
  4 scorpions
  11 wights
  9 killer bees (D:7)
  3 troll zombies (D:9)
  2 howler monkeys
  4 gnoll boudas
  5 orc priests
  5 hounds
  3 jellies
  3 iguanas
  8 orc wizards
  2 ogre zombies (D:9)
  18 gnolls
  11 adders
  3 shadow imps
  A white imp (D:5)
  2 worms (D:2)
  6 dart slugs
  51 orcs
  3 ball pythons
  8 bats
  11 endoplasms
  9 goblins
  6 hobgoblins
  8 jackals
  3 quokkas
  3 frilled lizards
  A goblin skeleton (D:9)
  2 goblin zombies (D:9)
  2 hobgoblin zombies (D:9)
  38 kobolds
  2 orc skeletons (D:9)
  9 orc zombies (D:9)
  8 rats
306 creatures vanquished.

Notes
Turn   | Place    | Note
-------+----------+-------------------------------------------
     0 | D:1      | Ivernyr the Formicid Fighter began the quest for the Orb.
     0 | D:1      | Reached XP level 1. HP: 18/18 MP: 1/1
    47 | D:1      | Reached XP level 2. HP: 24/24 MP: 2/2
   148 | D:1      | Reached XP level 3. HP: 22/29 MP: 3/3
   864 | D:2      | Reached XP level 4. HP: 25/37 MP: 4/4
   959 | D:2      | Reached skill level 3 in Long Blades
  1657 | D:3      | Reached XP level 5. HP: 37/42 MP: 5/5
  1952 | D:3      | Identified the +0 robe of the Eternal Void {rPois}
  2153 | D:3      | Reached skill level 5 in Shields
  2153 | D:3      | Reached XP level 6. HP: 25/48 MP: 6/6
  2162 | D:3      | Reached skill level 4 in Long Blades
  2430 | D:4      | Noticed Menkaure
  2438 | D:4      | Killed Menkaure
  2451 | D:4      | Reached XP level 7. HP: 9/55 MP: 7/7
  2685 | D:4      | You fall into a shaft and drop 1 floor!
  2685 | D:5      | Entered Level 5 of the Dungeon
  2685 | D:5      | Found a staircase to the Ecumenical Temple.
  2755 | Temple   | Entered the Ecumenical Temple
  3015 | D:5      | Noticed Blork the orc
  3147 | D:5      | Reached skill level 5 in Long Blades
  3259 | D:5      | Reached skill level 5 in Fighting
  3259 | D:5      | Reached skill level 5 in Armour
  3418 | D:5      | Killed Blork the orc
  3584 | D:5      | Reached XP level 8. HP: 48/62 MP: 8/8
  3955 | D:5      | Found a snail-covered altar of Cheibriados.
  4584 | D:4      | Reached skill level 6 in Long Blades
  5573 | D:4      | Found a glowing silver altar of Zin.
  5740 | D:5      | HP: 3/64 [orc priest/divine providence (17)]
  6178 | D:5      | Reached XP level 9. HP: 39/69 MP: 9/9
  6537 | D:5      | Reached skill level 7 in Long Blades
  6677 | D:6      | Identified the +1 pair of gloves of Zodiurru {Fly rPois
                  | Str-4 Dex+5}
  6771 | D:6      | Found Ubrail's Specific Store.
  6773 | D:6      | Noticed Prince Ribbit
  7029 | D:6      | Killed Prince Ribbit
  7162 | D:6      | Found Ovvemal's General Store.
  7387 | D:6      | Reached skill level 8 in Long Blades
  7416 | D:6      | Found Elosh's Antique Armour Boutique.
  7757 | D:7      | You are sucked into a shaft and drop 1 floor!
  7958 | D:7      | Reached XP level 10. HP: 54/79 MP: 10/10
  7989 | D:7      | You are sucked into a shaft and drop 3 floors!
  7989 | D:10     | Entered Level 10 of the Dungeon
  8149 | D:10     | Found a basalt altar of Yredelemnul.
  8259 | D:10     | Found a flagged portal.
  8310 | Bailey   | Entered a bailey
  8541 | Bailey   | Reached skill level 11 in Long Blades
  8541 | Bailey   | Reached skill level 10 in Shields
  8541 | Bailey   | Reached XP level 11. HP: 89/89 MP: 11/11
  9755 | D:9      | Found a staircase to the Orcish Mines.
  9930 | D:8      | Found a shadowy altar of Dithmenos.
 10077 | D:8      | Found a runed translucent door.
 10080 | D:8      | Identified the +7 spear "Grim Tooth" {heavy, Dex+3 Stlth+}
 10081 | D:8      | Noticed fedepesso's ghost (novice MiMo)
 10341 | D:8      | Found Disyen's Fire Supplies.
 10358 | D:8      | Bought a +0 kite shield of fire resistance for 126 gold
                  | pieces
 10678 | D:7      | Found an ornate altar of the Wu Jian Council.
 10687 | D:7      | Found a bloodstained altar of Trog.
 10700 | D:7      | Became a worshipper of the Wu Jian Council
 11192 | D:7      | Found a shimmering blue altar of Sif Muna.
 12062 | D:9      | Reached skill level 12 in Long Blades
 12069 | D:9      | Reached * piety under Wu Jian
 12463 | D:9      | Noticed a two-headed ogre
 12473 | D:9      | Slain by a two-headed ogre

Illustrated notes

Levels and vault maps discovered:
D:1:      ldierk_walled_garden_2, layout_loops_ring, grunt_decor_one_mirror,
          minmay_misc_feat_rows
D:2:      kennysheep_six_static_rooms, layout_basic, minmay_misc_feat_hallway
D:3:      layout_rooms, st_stairs_1, minmay_statues_item
D:4:      layout_loops_corners, marbit_many_paths, portal_sewer_entry_d,
          minmay_manual_macuahuitl, uniq_menkaure
D:5:      wander_river, layout_layer_cave, kennysheep_slug_shrine,
          minmay_temple_entry_arrows, kennysheep_another_room,
          grunt_ministairs_4, kennysheep_generic_room_6, uniq_blork_the_orc
D:6:      layout_rooms, serial_shops, nicolae_shop_real_fake_doors,
          nicolae_specific_store, minivault_26, uniq_prince_ribbit1
D:7:      layout_basic, mainiacjoe_overflow_swirl, tgw_sif,
          dreamdust_wishing_well
D:8:      layout_loops_cross, nicolae_dithmenos_through_a_glass_darkly,
          ebering_ghost_funeral_grove, nicolae_shop_fire_sale
          [nicolae_sub_dead_trees]
D:9:      layout_long_grid, zombieorc1_lemuel, grunt_ministairs_14,
          minmay_librarian
D:10:     layout_loops_cross, kennysheep_ying_yang,
          nicolae_hepliaklqana_monster_ancestors, dpeg_oklobed_lair, serial_ice,
          serial_ice_l, serial_ice_d, serial_ice_e, serial_ice_a, enter_bailey_6
Temple:   compressed_dpeg_triangle_lava_temple

Skill      XL: |  1  2  3  4  5  6  7  8  9 10 11 |
---------------+----------------------------------+-----
Long Blades    | 3 4 5 6 8 11 12 | 12.0
Fighting       | 4 5 6 7 9 |  9.8
Armour         | 4 5 6 7 9 |  9.8
Shields        | 5 6 7 8 10 11 | 11.6

Action                     |  1- 3 |  4- 6 |  7- 9 | 10-12 || total
---------------------------+-------+-------+-------+-------++-------
  Melee: Long sword        |    90 |   189 |   434 |       ||   713
         Great sword       |       |       |    23 |   399 ||   422
Ability: Dig               |       |       |     1 |       ||     1
         Shaft Self        |       |       |     1 |     1 ||     2
         Lunge             |       |       |       |     4 ||     4
         Whirlwind         |       |       |       |     4 ||     4
    Use: Potion            |       |     1 |     2 |     3 ||     6
         Scroll            |       |       |       |    12 ||    12
   Stab: Sleeping          |       |     1 |       |     2 ||     3
 Armour: Scale mail        |    39 |    20 |       |       ||    59
         Leather armour    |       |    39 |   110 |   167 ||   316
         Acid dragon scale |       |       |       |     1 ||     1
  Dodge: Dodged            |    64 |   148 |   273 |   270 ||   755
  Block: Buckler           |    24 |    53 |   151 |   161 ||   389
         Kite shield       |       |       |       |   111 ||   111
